 Dungeon Crawl Stone Soup version 0.23.1 (webtiles) character file.

Game seed: 4741092916414031152

42 Lusmu the Caller (level 3, 0/21 HPs)
             Began as a Tengu Summoner on Mar 11, 2019.
             Slain by a hound (4 damage)
             ... on level 2 of the Dungeon.
             The game lasted 00:09:15 (2072 turns).

Lusmu the Caller (Tengu Summoner)                   Turns: 2072, Time: 00:09:16

Health: 0/21       AC:  2    Str:  8    XL:     3   Next: 56%
Magic:  5/7        EV: 12    Int: 16    God:
Gold:   28         SH:  0    Dex: 10    Spells: 2/6 levels left

rFire    . . .     SeeInvis .   f - +0 spear
rCold    . . .     Gourm    .   (no shield)
rNeg     . . .     Faith    .   a - +0 robe
rPois    .         Spirit   .   (helmet restricted)
rElec    .         Reflect  .   (no cloak)
rCorr    .         Harm     .   (no gloves)
MR       .....                  (boots unavailable)
Stlth    ++........             (no amulet)
HPRegen  0.07/turn              l - -4 ring of dexterity (curse)
MPRegen  0.10/turn              (no ring)

@: no status effects
A: beak, talons 3
a: no special abilities


You were on level 2 of the Dungeon.
You were not hungry.

You visited 1 branch of the dungeon, and saw 2 of its levels.

You collected 28 gold pieces.

Inventory:

Hand Weapons
 e - a +0 dagger
 f - a +0 spear (weapon)
Missiles
 k - 5 tomahawks (quivered)
Armour
 a - a +0 robe (worn)
 j - a +0 shield
Jewellery
 l - a cursed -4 ring of dexterity (left hand)
Scrolls
 i - a scroll of fog
Potions
 g - a potion of flight
 h - 2 potions of curing
Comestibles
 b - 5 chunks of flesh
 c - 5 rations


   Skills:
 * Level 1.7 Fighting
 - Level 2.1 Dodging
 - Level 2.0 Stealth
 + Level 2.3 Spellcasting
 * Level 5.4 Summonings


You had 2 spell levels left.
You knew the following spells:

 Your Spells              Type           Power        Failure   Level  Hunger
a - Summon Small Mammal   Summ           ###.         2%          1    #......
b - Call Canine Familiar  Summ           ###.....     6%          3    ###....

Your spell library contained the following spells:

 Spells                   Type           Power        Failure   Level  Hunger
 Call Imp                 Summ           ###.....     3%          2    ###....
 Summon Guardian Golem    Hex/Summ       ##......     19%         3    ###....
 Summon Ice Beast         Ice/Summ       ##......     54%         4    #####..
 Summon Lightning Spire   Summ/Air       ##......     54%         4    #####..


Dungeon Overview and Level Annotations

Branches:
Dungeon (2/15)

Altars:


Innate Abilities, Weirdness & Mutations

You have a beak for a mouth.
You have claws for feet.


Message History

The hound bites you.
Your hound closely misses the rat.
The hound closely misses you.
You closely miss the hound. You claw the hound.
The hound is almost dead.
Your hound bites the rat.
The rat dies!
The hound bites you.
* * * LOW HITPOINT WARNING * * *
The hound bites you.
* * * LOW HITPOINT WARNING * * *
Your hound bites the hound but does no damage.
The hound misses you.
Your hound completely misses the hound.
The hound barely misses you.
Your hound closely misses the hound.
The hound misses you.
Your hound barely misses the hound.
There is an open door here.
The hound bites you.
You die...

############## ..$.#
#............# ....#
#............###....###
#.....>......'.†.......
#............###....###
#............# ....#
#.......h....# ....#
######h######## ....#
#.@....... ......
#.######## ####### ###.#
#...####### #######...#
#.......... #.......###
#.......... #.......#
#......g...
#.......######..........
#.......'...##..........
#.......###.##......g...


You could see a hound.

Vanquished Creatures
  2 dart slugs
  A leopard gecko (D:2)
  3 bats (D:1)
  2 giant cockroaches
  4 goblins
  4 hobgoblins
  3 jackals (D:1)
  4 kobolds (D:1)
  2 frilled lizards (D:1)
  6 rats (D:1)
31 creatures vanquished.

Vanquished Creatures (collateral kills)
  A bat (D:1)
  2 goblins
  A hobgoblin (D:1)
  A rat (D:2)
5 creatures vanquished.

Grand Total: 36 creatures vanquished

Notes
Turn   | Place    | Note
-------+----------+-------------------------------------------
     0 | D:1      | Lusmu the Tengu Summoner began the quest for the Orb.
     0 | D:1      | Reached XP level 1. HP: 10/10 MP: 4/4
   335 | D:1      | Reached skill level 5 in Summonings
   354 | D:1      | Reached XP level 2. HP: 15/16 MP: 6/6
   487 | D:1      | Reached skill level 1 in Fighting
  1294 | D:1      | Reached XP level 3. HP: 20/20 MP: 7/7
  1395 | D:1      | HP: 1/20 [jackal (1)]
  1987 | D:2      | Learned a level 3 spell: Call Canine Familiar
  2072 | D:2      | Slain by a hound

Skill      XL: |  1  2 |
---------------+-------+-----
Summonings     | 5 |  5.4
Fighting       | 1 |  1.7
Dodging        | |  2.1
Stealth        | |  2.0
Spellcasting   | |  2.3

Action                   || total
-------------------------++-------
Melee: Spear             ||   107
       Unarmed           ||     7
       Kick              ||    14
       Peck              ||    11
 Cast: Summon Small Mamm ||     6
       Call Canine Famil ||     1
  Use: Scroll            ||     4
 Stab: Sleeping          ||     7
  Eat: Chunk             ||     4
Armor: Robe              ||    20
Dodge: Dodged            ||    74
